 Dungeon Crawl Stone Soup version 0.31-a0-18-gea43df2a32 (webtiles) character file.

Game seed: 9898365061820198602

42 Bennjico the Trooper (level 3, -2/33 HPs)
             Began as a Minotaur Fighter on May 12, 2023.
             Slain by Sigmund
             ... wielding a +2 scythe of freezing
              (5 damage)
             ... on level 3 of the Dungeon.
             The game lasted 00:02:32 (1158 turns).

Bennjico the Trooper (Minotaur Fighter)             Turns: 1158, Time: 00:02:32

Health: -2/33      AC:  7    Str: 22    XL:     3   Next: 33%
Magic:  2/2        EV:  9    Int:  5    God:
Gold:   76         SH:  4    Dex:  9    Spells: 2/2 levels left

rFire   . . .        a - +0 war axe
rCold   . . .        c - +0 buckler
rNeg    . . .        b - +0 scale mail
rPois   .            (helmet restricted)
rElec   .            (no cloak)
rCorr   .            (no gloves)
SInv    .            (no boots)
Will    .....        (no amulet) Stlth
                     (no ring)
HPRegen 0.25/turn    (no ring)
MPRegen 0.08/turn

%: no passive effects
@: mighty
A: horns 2, retaliatory headbutt
a: no special abilities


You were on level 3 of the Dungeon.
You visited 1 branch of the dungeon, and saw 3 of its levels.

You collected 134 gold pieces.
You spent 58 gold pieces at shops.

Inventory:

Hand Weapons
 a - a +0 war axe (weapon)
Armour
 b - a +0 scale mail (worn)
 c - a +0 buckler (worn)
Scrolls
 e - 3 scrolls of fear {unknown}
 f - 3 scrolls of identify {unknown}
 g - 3 scrolls of blinking {unknown}
 j - a scroll of teleportation {unknown}
 k - a scroll of enchant armour {unknown}
 m - a scroll of vulnerability {unknown}
 n - a scroll of enchant weapon {unknown}
Potions
 d - 3 potions of might
 h - a potion of lignification {unknown}
 i - a potion of resistance {unknown}
 l - a potion of brilliance {unknown}
 o - a potion of magic {unknown}


   Skills:
 + Level 4.0 Fighting
 + Level 3.0 Axes
 + Level 4.0 Armour
 + Level 1.2 Dodging
 + Level 4.0 Shields


You had 2 spell levels left.
You didn't know any spells.
Your spell library contained the following spells:

 Spells                   Type           Power      Damage    Failure   Level
 Summon Small Mammal      Summ           0%         N/A       86%         1
 Call Canine Familiar     Summ           0%         N/A       99%         3
 Summon Guardian Golem    Hex/Summ       0%         N/A       99%         3


Dungeon Overview and Level Annotations

Branches:
Dungeon (3/15)

Altars:

Shops:
D:1 *

Annotations:
D:3 Sigmund


Innate Abilities, Weirdness & Mutations

You have a pair of horns on your head.
You reflexively headbutt those who attack you in melee.


Message History

You feel less confused.
Sigmund hits you with a +2 scythe of freezing.
Sigmund freezes you.
You hit Sigmund.
Sigmund is moderately wounded.
Sigmund hits you with a +2 scythe of freezing!
Sigmund freezes you.
You are too injured to fight recklessly!
You are too injured to fight recklessly!
You are too injured to fight recklessly!
You are too injured to fight recklessly!
You are too injured to fight recklessly!
You hit Sigmund.
Sigmund is moderately wounded.
Sigmund barely misses you.
You closely miss Sigmund.
Sigmund is moderately wounded.
Sigmund drinks a potion.
Sigmund seems to speed up.
You barely miss Sigmund.
Sigmund is moderately wounded.
You block Sigmund's attack. Sigmund closely misses you.
You closely miss Sigmund.
Sigmund is moderately wounded.
Sigmund hits you but does no damage.
You barely miss Sigmund. Your headbutt misses Sigmund.
Sigmund is moderately wounded.
Sigmund closely misses you. You furiously retaliate!
You headbutt Sigmund! You closely miss Sigmund.
Sigmund is severely wounded.
Sigmund gestures wildly while chanting.
Sigmund flickers and vanishes!
Deactivating autopickup; reactivate with Ctrl-A.
Something hits you!
* * * LOW HITPOINT WARNING * * *
Something freezes you.
* * * LOW HITPOINT WARNING * * *
You feel very mighty all of a sudden. Something hits you but does no damage.
You closely miss something. Something hits you.
You die...

##+##
##...##
##.....##
##.......##
#.....{@..#
+.........+
#....)....#
##.......##
##.....##
##.$<##
##+##


There were no monsters in sight!

Vanquished Creatures
  An orc (D:3)
  3 ball pythons (D:1)
  5 bats
  3 endoplasms (D:1)
  3 giant cockroaches
  5 hobgoblins
  2 jackals (D:1)
  4 quokkas
  3 goblins
  4 kobolds
  3 rats
36 creatures vanquished.

Notes
Turn   | Place    | Note
-------+----------+-------------------------------------------
     0 | D:1      | Bennjico the Minotaur Fighter began the quest for the Orb.
     0 | D:1      | Reached XP level 1. HP: 19/19 MP: 0/0
    46 | D:1      | Found Sumeaf's Assorted Antiques.
    53 | D:1      | Reached XP level 2. HP: 27/27 MP: 1/1
   279 | D:1      | Reached skill level 1 in Dodging
   488 | D:1      | Bought a brown potion for 27 gold pieces
   488 | D:1      | Bought a scroll labelled OPRY AQ APLOSS for 31 gold pieces
   728 | D:2      | Reached XP level 3. HP: 33/33 MP: 2/2
   856 | D:2      | Found a faded altar of an unknown god.
  1136 | D:3      | Noticed Sigmund
  1158 | D:3      | Slain by Sigmund

Illustrated notes

Levels and vault maps discovered:
D:1:      lemuel_arrival_broad_hall, layout_rooms, serial_shops, shop
D:2:      layout_loops_cross, shapermc_ecumenical_altar_ellora,
          minmay_misc_feat_encased, minmay_between
D:3:      layout_loops_corners, uniq_natasha, uniq_sigmund, uniq_robin,
          uniq_terence

Skill      XL: |  1  2  3 |
---------------+----------+-----
Dodging        | 1 |  1.2
Fighting       | 4 |  4.0
Armour         | 4 |  4.0
Shields        | 4 |  4.0
Axes           | 3 |  3.0

Action                     || total
---------------------------++-------
  Melee: War axe           ||    86
         Headbutt          ||     4
    Use: Potion            ||     1
 Armour: Scale mail        ||    45
  Dodge: Dodged            ||    42
  Block: Buckler           ||    26

Table legend: (Time is in decaauts)
 A = Elapsed time spent in this place.
 B = Non-inter-level travel time spent in this place.
 C = Inter-level travel time spent in this place.
 D = Time resting spent in this place.
 E = Time spent auto-exploring this place.
 F = Levels seen in this place.
 G = Mean time per level.
                   A        B        C        D        E       F      G
               +--------+--------+--------+--------+--------+-----+--------+
         Total |   1190 |   1111 |     79 |      0 |    874 |   3 |  396.7 |
       Dungeon |   1190 |   1111 |     79 |      0 |    874 |   3 |  396.7 |
               +--------+--------+--------+--------+--------+-----+--------+

Top non-repeatable levels by time:
     D:2: 649 daAuts
     D:1: 514 daAuts
     D:3: 26 daAuts
